 Dungeon Crawl Stone Soup version 0.28.0-53-g5a82cb258f (webtiles) character file.

Game seed: 13651323030776096030

1264 issech the Twirler (level 8, -4/63 HPs)
             Began as a Minotaur Monk on June 21, 2022.
             Was a Priest of Hepliaklqana.
             Slain by an ancient zyme (10 damage)
             ... on level 2 of the Abyss.
             The game lasted 00:17:43 (6247 turns).

issech the Twirler (Minotaur Monk)                  Turns: 6247, Time: 00:17:43

Health: -4/63      AC: 15    Str: 16    XL:     8   Next: 27%
Magic:  7/7        EV:  6    Int:  7    God:    Hepliaklqana [***...]
Gold:   235        SH:  0    Dex: 15    Spells: 7/7 levels left

rFire   . . .      SeeInvis .   d - +2 quarterstaff (vorpal)
rCold   . . .      Faith    .   (shield currently unavailable)
rNeg    . . .      Spirit   .   o - +0 plate armour
rPois   .          Reflect  .   H - +2 hat
rElec   .          Harm     .   F - +0 cloak
rCorr   .          Rampage  .   (no gloves)
Will    .....                   (no boots)
Stlth   ..........              (no amulet)
HPRegen 0.00/turn               (no ring)
MPRegen 0.10/turn               (no ring)

@: sick, silenced, very slow
A: reduced essence, horns 2, retaliatory headbutt
a: Renounce Religion


You were on level 2 of the Abyss.
You worshipped Hepliaklqana.
Hepliaklqana was most pleased with you.
You visited 2 branches of the dungeon, and saw 7 of its levels.
You visited the Abyss 1 time.

You collected 255 gold pieces.
You spent 20 gold pieces at shops.

Inventory:

Hand Weapons
 a - a +0 hand axe
 d - a +2 vorpal quarterstaff (weapon)
 m - a +0 war axe of holy wrath
 G - a +0 trident of protection
 I - a +0 shortbow
 K - a +0 hand crossbow
Missiles
 c - 86 stones (quivered)
 q - 78 bolts
 s - 8 poisoned darts
 u - 59 arrows
 v - 26 sling bullets
Armour
 b - a +0 robe
 l - the +0 robe of Zuist {rElec rPois Dex-4}
   (You found it on level 5 of the Dungeon)

   Dex:       It affects your dexterity (-4).
   rElec:     It insulates you from electricity.
   rPois:     It protects you from poison.
 o - a +0 plate armour (worn)
 r - a +0 scale mail
 y - a +0 chain mail
 E - a +0 ring mail
 F - a +0 cloak (worn)
 H - a +2 hat (worn)
Magical Staves
 j - a staff of poison
Jewellery
 J - a ring of ice
 L - a ring of fire
Wands
 p - a wand of mindburst (15)
Scrolls
 g - 3 scrolls of noise
 h - a scroll of vulnerability
 k - a scroll of magic mapping
 w - 2 scrolls of enchant armour
 x - 2 scrolls of teleportation
 z - 4 scrolls of fear {unknown}
 A - a scroll of immolation {unknown}
Potions
 e - a potion of lignification {unknown}
 f - 3 potions of curing {unknown}
 i - a potion of might {unknown}
 n - a potion of attraction {unknown}
 t - a potion of ambrosia {unknown}
 B - a potion of mutation {unknown}
 C - a potion of flight {unknown}
 D - 2 potions of haste {unknown}
 M - a potion of invisibility {unknown}


   Skills:
 + Level 6.1 Fighting
 + Level 4.1 Axes
 + Level 7.9 Staves
 + Level 5.3 Armour
 + Level 4.6 Dodging
 + Level 2.2 Stealth


You had 7 spell levels left.
You didn't know any spells.
Your spell library contained the following spells:

 Spells                   Type           Power      Damage    Failure   Level
 Ignite Poison            Fire/Tmut/Pois 0%         N/A       100%        3
 Alistair's Intoxication  Tmut/Pois      0%         N/A       100%        5
 Yara's Violent Unravell  Hex/Tmut       0%         3d3       100%        5


Dungeon Overview and Level Annotations

Branches:
Dungeon (6/15)             Temple (1/1) D:4

Altars:
Ashenzari
Cheibriados
Dithmenos
Elyvilon
Fedhas
Gozag
Hepliaklqana
Kikubaaqudgha
Makhleb
Nemelex Xobeh
Okawaru
Qazlal
Ru
Sif Muna
Trog
Uskayaw
Vehumet
Wu Jian
Xom
Yredelemnul
Zin
The Shining One

Shops:
D:4 ?[=

Portals:
Abyss: D:3

Annotations:
D:3 2 transporters, mrw3rdna's ghost, amateur GrEE


Innate Abilities, Weirdness & Mutations

Your life essence is reduced to manifest your ancestor. (-10% HP)
You have a pair of horns on your head.
You reflexively headbutt those who attack you in melee.


Message History

The endoplasm hits you but does no damage.
The slime creature hits you but does no damage.
The endoplasm jiggles.
The endoplasm barely misses you.
You open the door.
The slime creature hits you but does no damage.
The endoplasm barely misses you. The endoplasm barely misses you.
There is an open door here.
You open the door.
The slime creature hits you but does no damage.
There is an open door here.
You open the door. The slime creature hits you!
* * * LOW HITPOINT WARNING * * *
There is an open door here.
A rakshasa comes into view. It is wielding a +0 long sword.
An ancient zyme comes into view.
You feel yourself growing ill in the presence of the ancient zyme.
A ynoxinul comes into view.
The ynoxinul gestures.
You feel ill.
You enter the shallow water.
Moving in this stuff is going to be slow.
The ancient zyme hits you but does no damage.
The ancient zyme hits you.
* * * LOW HITPOINT WARNING * * *
You enter the shallow water.
Moving in this stuff is going to be slow.
The ancient zyme completely misses you. You furiously retaliate!
You headbutt the ancient zyme. The ancient zyme barely misses you.
The thrashing horror tramples you but does no damage. x2
The slime creature barely misses you. The thrashing horror tramples you.
* * * LOW HITPOINT WARNING * * *
You hold your ground!
The thrashing horror barely misses you.
You enter the shallow water.
Moving in this stuff is going to be slow.
The ancient zyme barely misses you. You furiously retaliate!
You headbutt the ancient zyme. The ancient zyme hits you!
You die...

≈ . .§§ §§≈≈. . ≈.
. ≈#≈≈#≈§#. #.#≈ .
...§≈§# #..###≈≈≈≈
≈5# # ≈.≈3≈..#§.#
#.# ##≈≈≈≈≈#.5 §# .
###J≈..≈R##3#....#.
#..xJ.#≈..X....#..
##@≈X##≈.##R#....#.
#≈#≈≈.♣≈≈♣≈..# ..#.
###§##+#+#'#+#+#..#
#. +. +#.. ## #X# #
# +.+ + ≈ #+#'# #≈
≈ +.'. +♣≈# #+#'#+#
#≈≈


You could see a rakshasa (unsilenced), a slime creature, an ancient zyme, a
thrashing horror (unsilenced), a ynoxinul (unsilenced) and an endoplasm
(unsilenced).

Vanquished Creatures
  2 ice beasts
  3 ogres
  A centaur (D:6)
  A phantom (D:5)
  A scorpion (D:5)
  A centaur skeleton (D:3)
  2 hounds
  A jelly (D:4)
  An orc priest (D:4)
  Ijyb (D:2)
  A gnoll (D:6)
  12 adders
  3 ufetubi
  5 dart slugs
  4 orcs
  5 endoplasms
  A giant cockroach (D:1)
  10 goblins
  13 hobgoblins
  3 jackals (D:1)
  3 kobolds
  6 quokkas
  6 ball pythons
  10 bats
  5 frilled lizards
  5 rats
106 creatures vanquished.

Vanquished Creatures (collateral kills)
  Sigmund (D:5)
  An iguana (D:5)
  An orc wizard (D:4)
  2 adders (D:5)
  An orc (D:4)
6 creatures vanquished.

Vanquished Creatures (others)
  A rat (D:1)
1 creature vanquished.

Grand Total: 113 creatures vanquished

Notes
Turn   | Place    | Note
-------+----------+-------------------------------------------
     0 | D:1      | issech the Minotaur Monk began the quest for the Orb.
     0 | D:1      | Reached XP level 1. HP: 19/19 MP: 0/0
   204 | D:1      | Reached XP level 2. HP: 20/27 MP: 1/1
   820 | D:1      | Found a faded altar of an unknown god.
  1304 | D:2      | Reached XP level 3. HP: 27/33 MP: 2/2
  1398 | D:2      | Reached skill level 1 in Staves
  1475 | D:2      | Reached XP level 4. HP: 32/40 MP: 3/3
  1564 | D:2      | Found an ornate altar of the Wu Jian Council.
  1588 | D:2      | Noticed Ijyb
  1600 | D:2      | Killed Ijyb
  1601 | D:2      | Reached skill level 2 in Staves
  2591 | D:3      | Found a transporter.
  2592 | D:3      | Noticed a small abomination
  2667 | D:3      | Noticed an ice beast
  2675 | D:3      | Killed an ice beast
  2676 | D:3      | Reached skill level 3 in Staves
  2676 | D:3      | Reached skill level 1 in Armour
  2676 | D:3      | Reached XP level 5. HP: 47/47 MP: 4/4
  2687 | D:3      | Noticed mrw3rdna's ghost (amateur GrEE)
  2928 | D:3      | Reached skill level 4 in Staves
  3147 | D:3      | Reached XP level 6. HP: 51/55 MP: 5/5
  3235 | D:3      | Noticed a small abomination
  3240 | D:3      | Found a one-way gate to the infinite horrors of the Abyss.
  3335 | D:3      | Found a transporter.
  3652 | D:4      | Reached skill level 5 in Fighting
  3849 | D:4      | Found Gajahed's Jewellery Emporium.
  3878 | D:4      | Found Itaptees's Magic Scroll Emporium.
  4009 | D:4      | Bought a scroll of identify for 20 gold pieces
  4197 | D:4      | Reached skill level 5 in Staves
  4208 | D:4      | Found a staircase to the Ecumenical Temple.
  4243 | Temple   | Entered the Ecumenical Temple
  4413 | Temple   | Became a worshipper of Hepliaklqana the Forgotten
  4413 | Temple   | Reached * piety under Hepliaklqana
  4413 | Temple   | Reached ** piety under Hepliaklqana
  4414 | Temple   | Remembered your ancestor Caesarion as a battlemage
  4604 | D:4      | Found Lohudoh's Armour Boutique.
  4870 | D:5      | Entered Level 5 of the Dungeon
  4875 | D:5      | Reached XP level 7. HP: 48/54 MP: 6/6
  4879 | D:5      | Noticed Sigmund
  4886 | D:5      | Killed Sigmund
  4887 | D:5      | Reached skill level 6 in Staves
  5062 | D:5      | Identified the +0 robe of Zuist {rElec rPois Dex-4}
  5270 | D:5      | You fall into a shaft and drop 1 floor!
  5289 | D:6      | Reached *** piety under Hepliaklqana
  5349 | D:6      | Reached skill level 7 in Staves
  5673 | D:6      | Reached XP level 8. HP: 63/63 MP: 7/7
  5722 | D:6      | Got the Collected Works on Poisonous Transmutation
  5729 | D:6      | Reached skill level 5 in Armour
  6105 | D:6      | Found an ornate altar of the Wu Jian Council.
  6183 | D:6      | Cast into level 2 of the Abyss (gnoll sergeant)
  6183 | Abyss:2  | Found a corrupted altar of Lugonu.
  6213 | Abyss:2  | Noticed a thrashing horror
  6218 | Abyss:2  | Noticed a slime creature
  6236 | Abyss:2  | Noticed a rakshasa
  6237 | Abyss:2  | Noticed an ancient zyme
  6247 | Abyss:2  | Slain by an ancient zyme

Illustrated notes

Levels and vault maps discovered:
D:1:      dpeg_arrival_castle, layout_basic, shapermc_ecumenical_altar_venn,
          serial_corexii_hall, corexii_hall_statues_l, corexii_hall_statues_s,
          lemuel_flame_loot_1
D:2:      kennysheep_the_goblin_king, layout_basic, basic_altar,
          grunt_decor_one_mirror, kennysheep_generic_room_8
D:3:      layout_basic, gammafunk_ghost_abyssal_escape,
          chequers_serial_rivers_large_a, corexii_leaking_fountain, st_stairs_9,
          kennysheep_generic_room_12
D:4:      layout_basic, minmay_temple_entry_butterflies, serial_shops, shop,
          nicolae_square_shop, nicolae_shop_statue_plus, corexii_shack,
          hangedman_decor_lopped, hangedman_glass_teeth
D:5:      layout_cave_pools, uniq_sigmund
D:6:      layout_basic, nicolae_wu_jian_glorious_leap
Temple:   roderic_octagonal_lattice_temple
Abyss:2:  base: D:6, evilmike_abyss_exit_16, evilmike_abyss_exit_17,
          evilmike_abyss_exit_16, guppyfry_abyss_exit_spiral_guarded,
          hangedman_abyss_feature_spike, guppyfry_abyss_exit_glass_guarded

Skill      XL: |  1  2  3  4  5  6  7  8 |
---------------+-------------------------+-----
Axes           | 4 |  4.1
Dodging        | 4 |  4.6
Fighting       | 4 5 6 |  6.1
Staves         | 1 3 4 5 7 |  7.9
Stealth        | 2 |  2.2
Armour         | 1 2 4 5 |  5.3

Action                   |  1- 3 |  4- 6 |  7- 9 || total
-------------------------+-------+-------+-------++-------
Melee: Quarterstaff      |    50 |   118 |    46 ||   214
       Headbutt          |     7 |    19 |     8 ||    34
       Hand axe          |     2 |       |       ||     2
Invok: Ancestor Life: Ba |       |     1 |       ||     1
       Recall Ancestor   |       |       |     1 ||     1
  Use: Scroll            |       |       |     5 ||     5
 Stab: Sleeping          |     2 |       |       ||     2
Armor: Robe              |    18 |       |       ||    18
       Plate armour      |       |   132 |    60 ||   192
Dodge: Dodged            |    49 |    58 |    35 ||   142
